 Dungeon Crawl Stone Soup version 0.19.3-1-g3169bf9 (webtiles) character file.

45024 TryAgain the Thaumaturge (level 13, -2/70 HPs)
             Began as a Deep Elf Ice Elementalist on Jan 26, 2017.
             Was a High Priest of Sif Muna.
             Killed from afar by a lindwurm (28 damage)
             ... with a blast of flame
             ... summoned by a boggart
             ... on level 6 of the Lair of Beasts.
             The game lasted 04:00:59 (27867 turns).

TryAgain the Thaumaturge (DEIE)                    Turns: 27867, Time: 04:00:59

Health: -2/70      AC: 19    Str:  7    XL:     13   Next: 99%
Magic:  25/33      EV: 24    Int: 24    God:    Sif Muna [*****.]
Gold:   990        SH:  8    Dex: 15    Spells: 12 memorised, 2 levels left

rFire  . . .     SeeInvis .     V - +0 rod of shadows (2/13)
rCold  + . .     Gourm    .     z - +2 leather armour {rC+}
rNeg   + . .     Faith    .     E - +3 buckler {rN+}
rPois  .         Spirit   .     A - +2 helmet
rElec  .         Reflect  .     D - +2 cloak {MR+}
rCorr  .         Harm     .     f - +1 pair of gloves
MR     ++...                    K - +0 pair of boots
Stlth  +++++.....               C - amulet of magic regeneration
                                i - +4 ring of protection
                                I - +4 ring of evasion

@: no status effects
A: no striking features
a: Divine Energy, Channel Magic, Forget Spell, Renounce Religion


You were on level 6 of the Lair of Beasts.
You worshipped Sif Muna.
Sif Muna was extremely pleased with you.
You were not hungry.

You visited 4 branches of the dungeon, and saw 24 of its levels.
You visited the Abyss 1 time.
You also visited: Labyrinth and Bailey.

You collected 1690 gold pieces.
You spent 700 gold pieces at shops.

Inventory:

Hand Weapons
 p - a +2 halberd of protection
 y - a +6 flail of holy wrath
Armour
 f - a +1 pair of gloves (worn)
 z - a +2 leather armour of cold resistance (worn)
 A - a +2 helmet (worn)
 D - a +2 cloak of magic resistance (worn)
 E - a +3 buckler of positive energy (worn)
 K - a +0 pair of boots (worn)
Magical Staves
 N - an uncursed staff of wizardry
 W - an uncursed staff of conjuration
Rods
 V - a +0 rod of shadows (2/13) (in hand)
   (You found it on level 6 of the Lair of Beasts)
Jewellery
 i - a +4 ring of protection (right hand)
 k - the ring of Ewenn {rC+ MR+ EV+2 Str-5}
   (You found it on level 5 of the Dungeon)

   [ring of evasion]

   It affects your evasion (+2).
   It affects your strength (-5).
   It protects you from cold.
   It affects your resistance to hostile enchantments.
 C - an amulet of magic regeneration (around neck)
 F - a +4 ring of strength
 G - a +3 ring of evasion
 I - a +4 ring of evasion (left hand)
 R - an uncursed ring of stealth
 S - an uncursed amulet of harm
 T - a cursed ring of teleportation
 Z - a +4 ring of dexterity
Wands
 t - a wand of lightning (6/15)
 v - a wand of iceblast (2/15)
 B - a wand of acid (13/15)
 X - a wand of paralysis (13/24)
 Y - a wand of hasting (4/9)
Scrolls
 e - 7 scrolls of recharging
 l - 4 scrolls of amnesia
 n - 12 scrolls of remove curse
 o - 8 scrolls of identify
 s - a scroll of teleportation
 J - 2 scrolls of fear
Potions
 g - 2 potions of cure mutation
 u - a potion of lignification
 w - 3 potions of might
 x - a potion of agility
 L - a potion of resistance
 M - 4 potions of haste
 O - a potion of magic
 Q - a potion of cancellation
Books
 a - a book of Battle

   Spells                             Type                      Level
   a - Infusion                       Charms                       1
   b - Shroud of Golubria             Charms/Translocation         2
   c - Song of Slaying                Charms                       2
   d - Spectral Weapon                Hexes/Charms                 3
   e - Regeneration                   Charms/Necromancy            3
 b - a book of Frost

   Spells                             Type                      Level
   a - Freeze                         Ice                          1
   b - Throw Frost                    Conjuration/Ice              2
   c - Ozocubu's Armour               Charms/Ice                   3
   d - Throw Icicle                   Conjuration/Ice              4
   e - Summon Ice Beast               Ice/Summoning                4
 h - a book of Clouds

   Spells                             Type                      Level
   a - Mephitic Cloud                 Conjuration/Poison/Air       3
   b - Conjure Flame                  Conjuration/Fire             3
   c - Poisonous Cloud                Conjuration/Poison/Air       6
   d - Freezing Cloud                 Conjuration/Ice/Air          6
   e - Ring of Flames                 Charms/Fire                  7
 j - a book of Party Tricks

   Spells                             Type                      Level
   a - Summon Butterflies             Summoning                    1
   b - Apportation                    Translocation                1
   c - Lesser Beckoning               Translocation                3
   d - Tukima's Dance                 Hexes                        3
   e - Alistair's Intoxication        Transmutation/Poison         5
   f - Invisibility                   Hexes                        6
 m - a book of Flames

   Spells                             Type                      Level
   a - Flame Tongue                   Conjuration/Fire             1
   b - Throw Flame                    Conjuration/Fire             2
   c - Conjure Flame                  Conjuration/Fire             3
   d - Inner Flame                    Hexes/Fire                   3
   e - Sticky Flame                   Conjuration/Fire             4
   f - Fireball                       Conjuration/Fire             5
 q - the Catalogue of Glacial Contamination
   (You found it on level 6 of the Lair of Beasts)

   Spells                             Type                      Level
   a - Sting                          Conjuration/Poison           1
   b - Freeze                         Ice                          1
   c - Throw Frost                    Conjuration/Ice              2
   d - Ensorcelled Hibernation        Hexes/Ice                    2
   e - Ice Form                       Ice/Transmutation            4
   f - Summon Ice Beast               Ice/Summoning                4
   g - Ozocubu's Refrigeration        Ice                          6
 H - a book of Minor Magic

   Spells                             Type                      Level
   a - Magic Dart                     Conjuration                  1
   b - Blink                          Translocation                2
   c - Call Imp                       Summoning                    2
   d - Repel Missiles                 Charms/Air                   2
   e - Slow                           Hexes                        2
   f - Conjure Flame                  Conjuration/Fire             3
   g - Mephitic Cloud                 Conjuration/Poison/Air       3
 P - a book of Enchantments

   Spells                             Type                      Level
   a - Cause Fear                     Hexes                        4
   b - Yara's Violent Unravelling     Hexes/Transmutation          5
   c - Silence                        Hexes/Air                    5
   d - Deflect Missiles               Charms/Air                   6
   e - Discord                        Hexes                        8
Miscellaneous
 r - a crystal ball of energy
Comestibles
 c - 12 bread rations
 d - 6 meat rations
 U - 23 royal jellies


   Skills:
 * Level 3.6 Fighting
 - Level 3.3 Armour
 + Level 12.6 Dodging
 - Level 12.0 Stealth
 - Level 4.2 Shields
 + Level 14.2 Spellcasting
 - Level 6.2 Conjurations
 + Level 8.0 Hexes
 - Level 6.0 Charms
 - Level 6.0 Summonings
 + Level 3.6 Fire Magic
 - Level 7.0 Ice Magic
 + Level 1.3 Air Magic
 - Level 8.2 Invocations
 - Level 1.5 Evocations


You had 2 spell levels left.
You knew the following spells:

 Your Spells              Type           Power        Failure   Level  Hunger
a - Freeze                Ice            ####         1%          1    None
b - Ozocubu's Armour      Chrm/Ice       #####...     1%          3    None
c - Summon Ice Beast      Ice/Summ       #####...     3%          4    None
d - Throw Frost           Conj/Ice       #####.       1%          2    None
e - Throw Icicle          Conj/Ice       #####...     3%          4    None
f - Summon Butterflies    Summ           #####...     1%          1    None
g - Invisibility          Hex            ######..     30%         6    #####..
h - Fireball              Conj/Fire      #####.....   21%         5    ##.....
i - Throw Flame           Conj/Fire      #####.       1%          2    None
j - Freezing Cloud        Conj/Ice/Air   #####.....   94%         6    #####..
k - Conjure Flame         Conj/Fire      #####...     2%          3    None
l - Flame Tongue          Conj/Fire      #####        1%          1    None


Dungeon Overview and Level Annotations

Branches:
Dungeon (15/15)            Temple (1/1) D:5            Lair (6/6) D:11
  Swamp (0/4) Lair:4        Snake (0/4) Lair:3        Slime (0/5) Lair:5
    Orc (2/2) D:10         Vaults (0/5) D:14
    Elf: Orc:2       Depths: D:15

Altars:
Ashenzari
Cheibriados
Dithmenos
Elyvilon
Fedhas
Gozag
Kikubaaqudgha
Nemelex Xobeh
Okawaru
Qazlal
Ru
Sif Muna
Trog
Uskayaw
Vehumet
Xom
Yredelemnul
Zin
The Shining One
Jiyva

Shops:
D:4 (   D:14 :   Orc:1 (   Orc:2 (

Annotations:
D:6 Edmund
D:8 exclusion: statue
D:14 Louise


Message History

The komodo dragon closely misses you.
You feel sick. The komodo dragon misses you.
The komodo dragon is no longer moving slowly.
The komodo dragon completely misses you.
The komodo dragon completely misses you.
You feel sick.
The komodo dragon completely misses you.
The komodo dragon bites you but does no damage.
The komodo dragon hisses menacingly.
You block the komodo dragon's attack. The komodo dragon bites you.
You feel sick. The komodo dragon bites you!
You feel sick.
You are no longer poisoned.
The lindwurm breathes flames at you. The blast of flame hits you!
Your icy armour melts away.
The lindwurm breathes flames at you. The blast of flame hits you!
You die...

......♣♣
♣........♣*....,*
......♣♣♣
♣♣...♣....♣*♣.Y,,*
........♣♣♣...♣♣♣..♣♣
♣)♣***
#....♣...♣♣..♣♣ ♣♣(♣
♣♣Y♣ #.##♣♣♣.....♣♣
♣♣♣ ♣.Y♣ ### ♣♣....♣♣
♣♣♣♣Y♣♣
♣♣.♣..♣♣♣♣♣♣..k♣♣
♣♣♣♣...♣♣....♣♣
♣♣♣..@.l.♣♣ ♣♣♣♣♣♣♣♣


You could see a lindwurm, a komodo dragon and 2 yaks.

Vanquished Creatures
  The ghost of Exporg the Slicer, a journeyman MiFi of Trog (D:13)
  2 centaur warriors
  An orc high priest (Orc:2)
  An unseen horror (D:15)
  An orc knight (D:15)
  The ghost of Vojta the Covert, a novice SpHu of Okawaru (Bailey)
  An orc sorcerer (Orc:1)
  4 black mambas
  9 spiny frogs
  A yaktaur (D:14)
  3 rime drakes
  4 komodo dragons
  A meliai (Lair:5)
  A troll (D:13)
  A queen bee (D:12)
  2 polar bears (Lair:6)
  7 blink frogs
  A spriggan zombie (D:15)
  6 hippogriffs
  An air elemental (Abyss:4)
  The ghost of Azzok the Magician, an amateur DEFE of Sif Muna (D:4)
  4 spriggans (Lair:6)
  5 yaks
  3 wyverns
  A fire bat (shapeshifter) (D:14)
  2 basilisks
  A neqoxec (Abyss:5)
  A warg (Orc:1)
  A mottled dragon (D:12)
  13 water moccasins
  A black bear (Lair:6)
  4 sky beasts
  7 porcupines
  9 orc warriors
  7 ogres
  2 boggarts (Lair:6)
  8 centaurs
  16 wolves (Lair:6)
  10 crocodiles
  A big kobold (D:7)
  6 bullfrogs
  2 wyvern zombies
  3 scorpions
  45 killer bees
  4 electric eels
  2 howler monkeys
  A bullfrog zombie (D:8)
  6 crimson imps
  A quasit (D:11)
  3 centaur zombies
  5 hounds
  5 jellies
  12 orc priests
  3 bullfrog skeletons
  5 centaur skeletons
  5 iguanas
  10 worker ants
  16 orc wizards
  6 hell rats (Lair:2)
  8 gnolls
  A worker ant zombie (D:5)
  12 adders
  3 shadow imps
  An ooze (D:1)
  2 adder skeletons
  2 worms
  A dart slug (D:3)
  6 leopard geckos
  76 orcs
  4 bats
  6 giant cockroaches
  5 goblins
  5 hobgoblins
  8 jackals
  9 kobolds
  7 quokkas
  A ball python (D:4)
  A ball python skeleton (D:4)
  6 frilled lizards
  A quokka skeleton (D:8)
  6 rats
  A fungus (Lair:5)
458 creatures vanquished.

Vanquished Creatures (collateral kills)
  Kirke (D:12)
  A minotaur (Lab)
  2 hydras
  The ghost of shwouchk the Basher, a novice OgAM of Trog (D:10)
  3 centaur warriors
  2 tengu warriors
  Urug (D:14)
  Nergalle (D:11)
  The ghost of YrmMerkstave the Spear-Bearer, a novice MiFi of the Shining One (D:7)
  7 hill giants
  A wolf spider (D:15)
  An ugly thing (D:13)
  2 cyclopes
  3 manticores
  Maurice (D:13)
  A gargoyle (D:10)
  2 rime drakes
  A tengu conjurer (D:13)
  A guardian mummy (D:15)
  A queen bee (Lair:3)
  5 trolls
  2 polar bears (Lair:4)
  2 hornets
  4 slime creatures
  A hippogriff (Lair:4)
  Sigmund (D:7)
  A ynoxinul (Abyss:2)
  25 yaks
  8 hungry ghosts
  A warg (D:15)
  3 water moccasins
  A porcupine (Lair:4)
  6 orc warriors
  A black bear (D:8)
  2 ice beasts
  An ogre (D:8)
  A phantom (D:4)
  2 wolves
  An eye of draining (D:12)
  2 necrophages
  A centaur (D:7)
  A crocodile (Lair:4)
  A big kobold (D:13)
  4 bullfrogs
  A gnoll sergeant (D:13)
  13 killer bees
  A wight (D:7)
  A bullfrog zombie (D:12)
  2 hounds
  An orc wizard (D:9)
  2 worker ants
  4 gnolls
  An adder (D:11)
  An ooze (D:7)
  9 orcs
  2 jackals (D:7)
  8 kobolds
  A fungus (Lair:4)
158 creatures vanquished.

Vanquished Creatures (others)
  An unseen horror (D:13)
  2 humans (D:13)
  An orc wizard (D:10)
  A worker ant zombie (D:11)
  An adder (D:12)
  A kobold (D:13)
  9 fungi
  2 plants (Lair:5)
  3 starspawn tentacles (Abyss:2)
  6 withered plants (D:15)
27 creatures vanquished.

Grand Total: 643 creatures vanquished

Notes
Turn   | Place    | Note
-------+----------+-------------------------------------------
     0 | D:1      | TryAgain the Deep Elf Ice Elementalist began the quest for the Orb.
     0 | D:1      | Reached XP level 1. HP: 10/10 MP: 6/6
   139 | D:1      | Reached XP level 2. HP: 15/15 MP: 6/8
   966 | D:2      | Reached skill level 4 in Spellcasting
  1368 | D:2      | Reached XP level 3. HP: 13/19 MP: 4/10
  1935 | D:2      | Found a bloodstained altar of Trog.
  2148 | D:3      | Found a stormy altar of Qazlal.
  2166 | D:3      | Reached XP level 4. HP: 17/24 MP: 9/12
  2172 | D:3      | Learned a level 3 spell: Ozocubu's Armour
  2177 | D:3      | Learned a level 4 spell: Summon Ice Beast
  2180 | D:3      | Learned a level 2 spell: Throw Frost
  2214 | D:3      | Found a shadowy altar of Dithmenos.
  2214 | D:3      | Found a white marble altar of Elyvilon.
  2311 | D:3      | Reached skill level 1 in Charms
  2662 | D:3      | Reached XP level 5. HP: 25/28 MP: 8/14
  2669 | D:3      | Reached skill level 5 in Spellcasting
  3186 | D:3      | Reached skill level 1 in Summonings
  3186 | D:3      | Reached XP level 6. HP: 29/32 MP: 10/16
  3303 | D:3      | Reached skill level 5 in Ice Magic
  3470 | D:4      | Found Angoumas's Antique Weapon Boutique.
  3493 | D:4      | Found a sacrificial altar of Ru.
  4130 | D:4      | Noticed Azzok's ghost (amateur DEFE)
  4143 | D:5      | Entered Level 5 of the Dungeon
  4227 | D:5      | Reached XP level 7. HP: 36/36 MP: 15/17
  4271 | D:5      | Noticed Sigmund
  4472 | D:6      | Noticed a hungry ghost
  4488 | D:6      | Noticed Edmund
  4731 | D:4      | Killed Azzok's ghost
  4731 | D:4      | Reached skill level 6 in Spellcasting
  4870 | D:5      | Reached skill level 5 in Dodging
  5088 | D:5      | Reached skill level 5 in Charms
  5341 | D:5      | Got a coiled golden ring
  5596 | D:5      | Found a staircase to the Ecumenical Temple.
  5606 | Temple   | Entered the Ecumenical Temple
  5715 | Temple   | Became a worshipper of Sif Muna the Loreminder
  5723 | Temple   | Lost strength.
  5723 | Temple   | Identified the ring of Ewenn {rC+ MR+ EV+2 Str-5} (You found it on level 5 of the Dungeon)
  5882 | D:6      | Found a blossoming altar of Fedhas.
  5980 | D:7      | Found a snail-covered altar of Cheibriados.
  5980 | D:7      | Found a shattered altar of Ashenzari.
  5980 | D:7      | Found a hide-covered altar of Uskayaw.
  5985 | D:7      | Reached XP level 8. HP: 41/41 MP: 11/20
  6109 | D:7      | Reached skill level 7 in Spellcasting
  6590 | D:7      | Killed Sigmund
  6601 | D:7      | Noticed YrmMerkstave's ghost (novice MiFi)
  6631 | D:7      | Killed YrmMerkstave's ghost
  6631 | D:7      | Reached * piety under Sif Muna
  6631 | D:7      | Reached skill level 8 in Spellcasting
  6704 | D:7      | Reached skill level 5 in Summonings
  6858 | D:7      | Noticed a troll
  6876 | D:7      | Killed a troll
  6876 | D:7      | Reached XP level 9. HP: 7/45 MP: 5/23
  7369 | D:8      | Reached skill level 5 in Stealth
  8029 | D:8      | Found a radiant altar of Vehumet.
  8208 | D:9      | Learned a level 4 spell: Throw Icicle
  8280 | D:9      | Reached skill level 9 in Spellcasting
  8342 | D:9      | Reached ** piety under Sif Muna
  8702 | D:9      | Noticed a troll
  8717 | D:9      | Killed a troll
  9088 | D:10     | Entered Level 10 of the Dungeon
  9162 | D:10     | Noticed a gargoyle
  9337 | D:10     | Found a staircase to the Orcish Mines.
  9349 | D:10     | Noticed a hill giant
  9459 | D:10     | Noticed a hill giant
  9479 | D:11     | Noticed Nergalle
  9735 | D:10     | Reached XP level 10. HP: 50/50 MP: 8/25
  9805 | Orc:1    | Entered Level 1 of the Orcish Mines
  9920 | Orc:1    | Found Vathraom's Weapon Shoppe.
 10000 | Orc:1    | Noticed an orc sorcerer
 10150 | Orc:2    | Entered Level 2 of the Orcish Mines
 10150 | Orc:2    | Found Yloli's Antique Weapon Boutique.
 10150 | Orc:2    | Noticed an orc high priest
 10150 | Orc:2    | Noticed an orc warlord
 10150 | Orc:2    | Noticed an orc sorcerer
 10150 | Orc:2    | Noticed an orc knight
 10214 | D:10     | Reached skill level 10 in Spellcasting
 10608 | D:11     | Noticed a cyclops
 10667 | D:11     | Reached *** piety under Sif Muna
 11028 | D:11     | Reached skill level 1 in Invocations
 11058 | D:11     | Reached skill level 1 in Evocations
 11246 | D:11     | Noticed a manticore
 11260 | D:11     | Killed a manticore
 11435 | D:12     | Found a flagged portal.
 11490 | Bailey   | Entered a bailey
 11502 | Bailey   | Noticed Vojta's ghost (novice SpHu)
 11522 | Bailey   | Noticed HopefulHyena's ghost (novice MiBe)
 11525 | Bailey   | Killed Vojta's ghost
 11525 | Bailey   | Reached skill level 5 in Conjurations
 11781 | D:12     | Noticed a manticore
 12060 | D:12     | Noticed a hill giant
 12061 | D:12     | Noticed a hill giant
 12140 | D:12     | Noticed a hill giant
 12369 | D:13     | Noticed Maurice
 12485 | D:12     | Killed a hill giant
 12596 | D:12     | Noticed a centaur warrior
 12633 | D:12     | Killed a hill giant
 12633 | D:12     | Reached skill level 11 in Spellcasting
 12633 | D:12     | Reached XP level 11. HP: 54/54 MP: 1/28
 12637 | D:12     | Reached **** piety under Sif Muna
 12821 | D:12     | Reached skill level 1 in Shields
 13139 | D:12     | Killed a hill giant
 13139 | D:12     | Reached skill level 1 in Fighting
 13271 | D:13     | Noticed Kirke
 13378 | D:12     | Killed a centaur warrior
 13517 | D:12     | Killed Kirke
 13517 | D:12     | Reached skill level 10 in Dodging
 13657 | D:13     | Noticed a tengu warrior
 13684 | D:13     | Killed a tengu warrior
 13823 | D:13     | Noticed a centaur warrior
 13830 | D:13     | Noticed a brown ugly thing
 13831 | D:13     | Killed a centaur warrior
 13852 | D:13     | Noticed a centaur warrior
 13866 | D:13     | Killed a centaur warrior
 14112 | D:13     | Banished an unseen horror
 14145 | D:13     | Noticed a hill giant
 14156 | D:13     | Killed a hill giant
 14156 | D:13     | Reached skill level 5 in Invocations
 14412 | D:13     | Noticed an eight-headed hydra
 14544 | D:13     | Killed a brown ugly thing
 14665 | D:14     | Noticed a centaur warrior
 14799 | D:13     | Noticed Exporg's ghost (journeyman MiFi)
 14959 | D:13     | Noticed a hill giant
 14967 | D:13     | Killed a hill giant
 14967 | D:13     | Reached skill level 12 in Spellcasting
 15215 | D:13     | Killed Maurice
 15275 | D:14     | Found a gate to the Vaults.
 15285 | D:14     | Noticed a yaktaur captain
 15639 | D:14     | Killed a centaur warrior
 15639 | D:14     | Reached XP level 12. HP: 57/62 MP: 8/30
 15745 | D:14     | Noticed a tengu warrior
 15847 | D:14     | Killed a tengu warrior
 15847 | D:14     | Reached skill level 10 in Stealth
 15930 | D:14     | Noticed Louise
 15994 | D:13     | Cast into level 2 of the Abyss (a distortion unwield)
 16012 | Abyss:2  | Gained mutation: You have large cloven feet. [potion of beneficial mutation]
 16039 | Abyss:2  | Noticed a rakshasa
 16054 | Abyss:2  | Noticed a deep elf demonologist
 16080 | Abyss:2  | Noticed a tentacled starspawn
 16091 | Abyss:2  | Noticed a lich
 16290 | Abyss:5  | Entered Level 5 of the Abyss
 16311 | Abyss:5  | Gained mutation: You are clumsy. (Dex -2) [a shining eye]
 16334 | Abyss:5  | Gained mutation: You are weak. (Str -2) [a neqoxec]
 16381 | D:13     | Escaped the Abyss
 16495 | D:13     | Lost mutation: You are weak. (Str -2) [potion of cure mutation]
 16495 | D:13     | Lost mutation: You are clumsy. (Dex -2) [potion of cure mutation]
 16495 | D:13     | Lost mutation: You have large cloven feet. [potion of cure mutation]
 16551 | D:14     | Found Etio's Book Boutique.
 16561 | D:14     | Bought a book of Party Tricks for 700 gold pieces
 16585 | D:14     | Learned a level 1 spell: Summon Butterflies
 16593 | D:14     | Learned a level 6 spell: Invisibility
 16699 | D:15     | Entered Level 15 of the Dungeon
 16753 | D:15     | Reached skill level 1 in Hexes
 17279 | D:15     | Noticed a centaur warrior
 17298 | D:15     | Killed a centaur warrior
 17518 | D:15     | Reached ***** piety under Sif Muna
 17851 | D:14     | Noticed Urug
 17870 | D:14     | Killed Urug
 18154 | D:13     | Killed an eight-headed hydra
 18198 | D:13     | Killed Exporg's ghost
 18407 | D:11     | Killed Nergalle
 18407 | D:11     | Reached skill level 1 in Armour
 18546 | D:11     | Found a staircase to the Lair.
 18721 | D:11     | Reached skill level 13 in Spellcasting
 19067 | D:10     | Noticed shwouchk's ghost (novice OgAM)
 19077 | D:10     | Killed shwouchk's ghost
 19534 | Orc:2    | Killed an orc high priest
 19787 | Lair:1   | Entered Level 1 of the Lair of Beasts
 19836 | Lair:1   | Found a labyrinth entrance.
 19847 | Lab      | Entered a labyrinth
 19925 | Lab      | Received a gift from Sif Muna
 20029 | Lab      | Noticed a minotaur
 20044 | Lab      | Killed a minotaur
 20044 | Lab      | Reached skill level 5 in Hexes
 20173 | Lab      | Learned a level 5 spell: Fireball
 20176 | Lab      | Learned a level 2 spell: Throw Flame
 20183 | Lab      | Learned a level 6 spell: Freezing Cloud
 20217 | Lair:1   | Reached XP level 13. HP: 66/66 MP: 28/32
 22201 | Lair:3   | Found a staircase to the Snake Pit.
 22400 | Lair:3   | You fall through a shaft for 2 floors!
 24379 | Lair:4   | Learned a level 3 spell: Conjure Flame
 24404 | Lair:4   | Found a staircase to the Swamp.
 24838 | Lair:4   | Reached skill level 1 in Fire Magic
 25826 | Lair:5   | Learned a level 1 spell: Flame Tongue
 25927 | Lair:5   | Reached skill level 14 in Spellcasting
 26005 | Lair:5   | Found a staircase to the Slime Pits.
 26005 | Lair:5   | Found a viscous altar of Jiyva.
 26540 | Lair:6   | Entered Level 6 of the Lair of Beasts
 26577 | Lair:6   | Identified the Catalogue of Glacial Contamination
 26989 | Lair:6   | Received a gift from Sif Muna
 27411 | Lair:6   | Reached skill level 1 in Air Magic
 27548 | Lair:6   | Identified a +0 rod of shadows (13/13) (You found it on level 6 of the Lair of Beasts)
 27867 | Lair:6   | Killed from afar by a lindwurm

Skill      XL: |  1  2  3  4  5  6  7  8  9 10 11 12 13 |
---------------+----------------------------------------+-----
Spellcasting   | 4 5 6 8 9 11 12 13 14 | 14.2
Ice Magic      | 4 5 6 7 |  7.0
Dodging        | 3 4 5 7 8 9 10 11 12 | 12.6
Charms         | 1 2 3 5 6 |  6.0
Summonings     | 1 2 3 5 6 |  6.0
Stealth        | 4 6 8 9 11 12 | 12.0
Conjurations   | 3 5 6 |  6.2
Invocations    | 2 5 7 8 |  8.2
Evocations     | 1 |  1.5
Shields        | 3 4 |  4.2
Fighting       | 2 3 |  3.6
Hexes          | 5 8 |  8.0
Armour         | 2 3 |  3.3
Fire Magic     | 3 |  3.6
Air Magic      | 1 |  1.3

Action                   |  1- 3 |  4- 6 |  7- 9 | 10-12 | 13-15 || total
-------------------------+-------+-------+-------+-------+-------++-------
Melee: Short sword       |     3 |       |       |       |       ||     3
       Hand axe          |    49 |    22 |       |       |       ||    71
       Spear             |       |    39 |    61 |       |       ||   100
       Flail             |       |       |    86 |    86 |    98 ||   270
       Quarterstaff      |       |       |       |    42 |       ||    42
       Staff             |       |       |       |       |    10 ||    10
 Cast: Freeze            |    48 |    88 |   208 |   396 |   519 ||  1259
       Throw Frost       |       |     4 |    29 |    57 |    45 ||   135
       Summon Ice Beast  |       |       |    44 |   201 |    58 ||   303
       Ozocubu's Armour  |       |       |    10 |    39 |    17 ||    66
       Throw Icicle      |       |       |       |    11 |     3 ||    14
       Flame Tongue      |       |       |       |       |    20 ||    20
       Throw Flame       |       |       |       |       |    12 ||    12
Evoke: Wand              |       |       |     1 |       |       ||     1
       Rod               |       |       |       |       |     5 ||     5
  Use: Scroll            |       |       |    21 |    27 |    14 ||    62
       Potion            |       |       |     1 |    13 |     3 ||    17
 Stab: Sleeping          |     4 |     1 |     2 |     5 |     2 ||    14
       Paralysed         |       |     3 |       |       |       ||     3
       Invisible         |       |     1 |       |       |       ||     1
       Distracted        |       |       |     3 |       |       ||     3
  Eat: Chunk             |     4 |     6 |    12 |    21 |     3 ||    46
       Beef jerky        |       |       |     1 |     3 |     2 ||     6
       Meat ration       |       |       |     1 |     2 |       ||     3
       Fruit             |       |       |     2 |     2 |     9 ||    13
       Pizza             |       |       |       |     1 |     1 ||     2
       Royal jelly       |       |       |       |       |     4 ||     4
Armor: Robe              |    30 |       |       |       |       ||    30
       Leather armour    |       |    46 |    66 |     8 |   140 ||   260
       Troll leather arm |       |       |    52 |   206 |       ||   258
Dodge: Dodged            |    68 |    75 |   314 |   785 |   630 ||  1872
Block: Buckler           |       |       |       |    51 |   282 ||   333
